[ AOE2 MATCH · #505938362 ]
UnrankedRomans vs Persians
Player's team · WIN
Rival team · LOSS
[ REPLAY ANALYSIS · EXTRACTED FROM THE RECORDED GAME ]
Feudal
10:55
Castle
14:25
Imperial
33:22
| APM avg | 60.1 |
| APM peak | 122 |
| eAPM avg | 30.4 |
| Villagers / military | 126 / 69 |
Focus
⚔️ 29.5% · 🌾 70.5%
Knight ×36 · Spearman ×11 · Scorpion ×7 · Monk ×5 · Mangonel ×5 · Trebuchet (Packed) ×5
Feudal
8:28
Castle
25:48
Imperial
33:14
| APM avg | 30.7 |
| APM peak | 61 |
| eAPM avg | 17.7 |
| Villagers / military | 61 / 49 |
Focus
⚔️ 41.4% · 🌾 58.6%
Scout Cavalry ×37 · Monk ×7 · Spearman ×3 · Trebuchet (Packed) ×2
Match map
Initial resources + every placement click. Lines = walls · curves = elevation contours. ◆ gold · ⬟ stone · ● berries · ✦ relic · ◌ wall gap
Your base· ✓ Closed at 14:25 · 4t walls · 4 gate(s)
Kejserguldbajer 2.'s base· ✓ Closed at 25:48 · 3t walls · 2 gate(s)
Smoothed initial terrain · ◌ = detected wall gap · hover for details
Inputs per minute
— Edelreiss - - Kejserguldbajer 2.
Build order — Edelreiss
First 150 of 344 actions detected
| 0:00 | Create | Villager (Male) |
| 0:00 | Create | Villager (Male) |
| 0:01 | Create | Villager (Male) |
| 0:01 | Create | Villager (Male) |
| 0:02 | Build | House |
| 0:03 | Build | House |
| 1:26 | Create | Villager (Male) |
| 1:34 | Create | Villager (Male) |
| 1:45 | Build | Lumber Camp |
| 2:13 | Create | Villager (Male) |
| 2:28 | Create | Villager (Male) |
| 2:58 | Create | Villager (Male) |
| 2:58 | Create | Villager (Male) |
| 3:14 | Create | Villager (Male) |
| 3:14 | Create | Villager (Male) |
| 3:25 | Build | Palisade Gate |
| 3:26 | Build | Palisade Wall |
| 3:30 | Create | Villager (Male) |
| 3:32 | Build | House |
| 3:33 | Build | House |
| 3:49 | Build | Palisade Gate |
| 3:53 | Build | Palisade Wall |
| 4:06 | Create | Villager (Male) |
| 4:07 | Create | Villager (Male) |
| 4:43 | Create | Villager (Male) |
| 4:48 | Create | Villager (Male) |
| 4:55 | Create | Villager (Male) |
| 5:16 | Build | Mill |
| 5:54 | Create | Villager (Male) |
| 6:32 | Create | Villager (Male) |
| 6:57 | Create | Villager (Male) |
| 7:14 | Create | Villager (Male) |
| 7:27 | Create | Villager (Male) |
| 7:58 | Research | Feudal Age |
| 8:24 | Build | Mining Camp |
| 8:49 | Create | Villager (Male) |
| 8:49 | Create | Villager (Male) |
| 8:56 | Research | Loom |
| 8:56 | Create | Villager (Male) |
| 9:07 | Build | House |
| 9:14 | Build | Palisade Wall |
| 10:55 | Age | Feudal Age |
| 10:57 | Build | Blacksmith |
| 10:58 | Build | Market |
| 11:01 | Research | Double-Bit Axe |
| 11:20 | Build | Stone Wall |
| 11:44 | Research | Castle Age |
| 11:44 | Research | Castle Age |
| 12:27 | Build | House |
| 12:30 | Create | Villager (Male) |
| 12:36 | Research | Horse Collar |
| 12:58 | Build | House |
| 13:23 | Build | Watch Tower |
| 14:04 | Build | Lumber Camp |
| 14:19 | Create | Villager (Male) |
| 14:25 | Age | Castle Age |
| 14:27 | Build | Siege Workshop |
| 14:37 | Create | Villager (Male) |
| 14:38 | Research | Bow Saw |
| 15:00 | Build | Monastery |
| 15:08 | Create | Mangonel |
| 15:08 | Create | Mangonel |
| 15:10 | Create | Villager (Male) |
| 15:36 | Build | Farm |
| 15:37 | Build | Farm |
| 15:38 | Build | Farm |
| 15:42 | Create | Monk |
| 15:49 | Build | Farm |
| 15:51 | Build | Farm |
| 15:54 | Create | Monk |
| 15:56 | Build | Farm |
| 16:12 | Build | Farm |
| 16:21 | Build | Farm |
| 16:36 | Create | Villager (Male) |
| 16:40 | Create | Mangonel |
| 16:44 | Build | House |
| 16:55 | Create | Scorpion |
| 16:55 | Create | Scorpion |
| 17:08 | Create | Villager (Male) |
| 17:08 | Create | Villager (Male) |
| 17:13 | Build | Farm |
| 17:22 | Build | Farm |
| 17:24 | Create | Villager (Male) |
| 17:24 | Create | Villager (Male) |
| 17:27 | Create | Scorpion |
| 17:27 | Create | Scorpion |
| 17:42 | Create | Scorpion |
| 17:42 | Create | Scorpion |
| 18:03 | Create | Villager (Male) |
| 18:09 | Create | Scorpion |
| 18:38 | Create | Villager (Male) |
| 18:41 | Create | Mangonel |
| 18:43 | Build | House |
| 18:43 | Create | Villager (Male) |
| 18:59 | Create | Villager (Male) |
| 19:05 | Build | House |
| 19:06 | Build | House |
| 19:12 | Create | Villager (Male) |
| 19:16 | Create | Villager (Male) |
| 19:26 | Build | Farm |
| 19:42 | Create | Monk |
| 19:44 | Create | Villager (Male) |
| 19:46 | Build | House |
| 19:47 | Build | House |
| 19:49 | Create | Villager (Male) |
| 19:49 | Create | Villager (Male) |
| 19:52 | Build | Farm |
| 19:55 | Build | Farm |
| 19:57 | Build | Farm |
| 20:21 | Create | Villager (Male) |
| 20:30 | Create | Villager (Male) |
| 20:35 | Create | Villager (Male) |
| 20:42 | Create | Villager (Male) |
| 21:07 | Create | Villager (Male) |
| 21:39 | Create | Villager (Male) |
| 21:49 | Create | Villager (Male) |
| 22:15 | Create | Villager (Male) |
| 22:18 | Create | Villager (Male) |
| 22:20 | Create | Mangonel |
| 22:29 | Create | Villager (Male) |
| 23:27 | Build | Town Center |
| 23:38 | Create | Villager (Male) |
| 24:00 | Create | Villager (Male) |
| 24:01 | Build | Farm |
| 24:05 | Create | Villager (Male) |
| 24:10 | Create | Monk |
| 24:28 | Build | Town Center |
| 24:35 | Build | Farm |
| 24:52 | Create | Monk |
| 24:53 | Create | Villager (Male) |
| 24:59 | Build | Farm |
| 25:02 | Build | Farm |
| 25:04 | Build | Farm |
| 25:06 | Build | Farm |
| 25:12 | Create | Villager (Male) |
| 25:17 | Create | Villager (Male) |
| 25:19 | Build | Farm |
| 25:20 | Build | Farm |
| 25:20 | Build | Farm |
| 25:22 | Create | Villager (Male) |
| 25:29 | Create | Villager (Male) |
| 25:34 | Build | Farm |
| 25:35 | Build | Farm |
| 25:39 | Create | Villager (Male) |
| 25:50 | Build | Farm |
| 25:50 | Create | Villager (Male) |
| 26:02 | Build | Farm |
| 26:08 | Build | Lumber Camp |
| 26:20 | Create | Villager (Male) |
| 26:27 | Create | Villager (Male) |
Build order — Kejserguldbajer 2.
First 150 of 214 actions detected
| 0:01 | Create | Villager (Male) |
| 0:01 | Create | Villager (Male) |
| 0:02 | Create | Villager (Male) |
| 0:02 | Create | Villager (Male) |
| 0:02 | Create | Villager (Male) |
| 0:04 | Build | House |
| 0:06 | Build | House |
| 1:37 | Create | Villager (Male) |
| 1:41 | Build | Lumber Camp |
| 1:53 | Create | Villager (Male) |
| 2:24 | Create | Villager (Male) |
| 2:28 | Build | House |
| 2:29 | Build | House |
| 2:40 | Create | Villager (Male) |
| 3:29 | Create | Villager (Male) |
| 3:30 | Create | Villager (Male) |
| 3:59 | Create | Villager (Male) |
| 4:01 | Build | Mill |
| 4:43 | Create | Villager (Male) |
| 5:03 | Create | Villager (Male) |
| 5:35 | Create | Villager (Male) |
| 5:56 | Create | Villager (Male) |
| 6:24 | Research | Feudal Age |
| 6:46 | Research | Loom |
| 7:08 | Build | House |
| 7:12 | Build | Mining Camp |
| 8:28 | Age | Feudal Age |
| 8:36 | Build | Watch Tower |
| 8:44 | Research | Double-Bit Axe |
| 8:45 | Research | Horse Collar |
| 8:48 | Create | Villager (Male) |
| 8:49 | Create | Villager (Male) |
| 9:06 | Create | Villager (Male) |
| 9:06 | Create | Villager (Male) |
| 9:55 | Create | Villager (Male) |
| 9:55 | Create | Villager (Male) |
| 9:56 | Create | Villager (Male) |
| 10:28 | Create | Villager (Male) |
| 10:32 | Build | Mill |
| 10:34 | Build | Farm |
| 10:39 | Create | Villager (Male) |
| 10:49 | Build | House |
| 10:50 | Build | House |
| 11:12 | Build | Watch Tower |
| 11:55 | Create | Villager (Male) |
| 12:16 | Create | Villager (Male) |
| 12:33 | Build | Blacksmith |
| 12:34 | Build | House |
| 12:56 | Create | Villager (Male) |
| 13:05 | Create | Villager (Male) |
| 13:16 | Build | Watch Tower |
| 13:37 | Build | Barracks |
| 13:41 | Build | House |
| 13:44 | Build | Palisade Wall |
| 13:46 | Build | Palisade Wall |
| 13:50 | Build | Palisade Wall |
| 14:08 | Create | Villager (Male) |
| 14:08 | Create | Villager (Male) |
| 14:28 | Build | Stable |
| 14:34 | Build | Farm |
| 14:44 | Research | Fletching |
| 14:48 | Research | Scale Barding Armor |
| 14:57 | Create | Villager (Male) |
| 14:58 | Create | Villager (Male) |
| 15:06 | Build | Farm |
| 15:08 | Build | Farm |
| 15:19 | Build | Watch Tower |
| 15:21 | Create | Scout Cavalry |
| 15:31 | Build | Farm |
| 15:33 | Build | Farm |
| 15:37 | Build | Farm |
| 15:40 | Create | Villager (Male) |
| 15:53 | Build | Watch Tower |
| 15:56 | Create | Scout Cavalry |
| 16:02 | Build | Farm |
| 16:26 | Create | Villager (Male) |
| 16:29 | Build | Watch Tower |
| 16:38 | Build | Farm |
| 16:40 | Build | Farm |
| 16:42 | Build | Farm |
| 16:47 | Create | Scout Cavalry |
| 16:57 | Build | Farm |
| 17:00 | Build | Farm |
| 17:09 | Create | Villager (Male) |
| 17:13 | Build | Watch Tower |
| 17:17 | Create | Villager (Male) |
| 17:20 | Build | Farm |
| 17:24 | Build | Farm |
| 17:25 | Create | Villager (Male) |
| 17:31 | Create | Scout Cavalry |
| 18:10 | Create | Scout Cavalry |
| 18:11 | Create | Villager (Male) |
| 18:21 | Create | Villager (Male) |
| 18:39 | Create | Scout Cavalry |
| 18:43 | Build | Farm |
| 18:43 | Build | Farm |
| 18:44 | Build | Farm |
| 18:49 | Build | Mining Camp |
| 18:49 | Create | Villager (Male) |
| 18:55 | Build | House |
| 18:57 | Build | House |
| 19:05 | Create | Villager (Male) |
| 19:05 | Create | Scout Cavalry |
| 19:15 | Build | Watch Tower |
| 19:26 | Research | Forging |
| 19:31 | Build | Farm |
| 19:41 | Research | Town Watch |
| 19:44 | Research | Town Watch |
| 19:45 | Create | Scout Cavalry |
| 19:46 | Create | Scout Cavalry |
| 19:56 | Build | Watch Tower |
| 20:07 | Research | Bloodlines |
| 20:36 | Create | Villager (Male) |
| 20:40 | Create | Spearman |
| 20:40 | Create | Spearman |
| 20:41 | Create | Scout Cavalry |
| 20:42 | Create | Scout Cavalry |
| 21:05 | Create | Villager (Male) |
| 21:10 | Build | Market |
| 21:38 | Create | Scout Cavalry |
| 21:39 | Create | Villager (Male) |
| 21:40 | Create | Villager (Male) |
| 21:42 | Build | Farm |
| 21:43 | Build | Farm |
| 22:27 | Create | Spearman |
| 22:28 | Create | Villager (Male) |
| 22:29 | Create | Scout Cavalry |
| 23:16 | Build | Farm |
| 23:22 | Research | Castle Age |
| 23:51 | Build | Stable |
| 24:20 | Create | Scout Cavalry |
| 24:20 | Create | Scout Cavalry |
| 24:31 | Build | Stable |
| 24:57 | Research | Wheelbarrow |
| 24:58 | Create | Scout Cavalry |
| 25:05 | Create | Scout Cavalry |
| 25:34 | Build | House |
| 25:35 | Build | House |
| 25:45 | Create | Villager (Male) |
| 25:48 | Age | Castle Age |
| 25:51 | Research | Light Cavalry (upgrade) |
| 25:54 | Create | Scout Cavalry |
| 26:13 | Build | Monastery |
| 26:24 | Create | Scout Cavalry |
| 26:25 | Create | Scout Cavalry |
| 27:12 | Create | Villager (Male) |
| 27:14 | Create | Scout Cavalry |
| 27:15 | Create | Monk |
| 27:38 | Create | Villager (Male) |
| 27:51 | Build | Farm |
Match timeline
| 3:26 | Edelreiss · wall_segment Palisade Wall x1 |
| 3:53 | Edelreiss · wall_segment Palisade Wall x1 |
| 8:28 | Kejserguldbajer 2. · age_up feudal |
| 9:14 | Edelreiss · wall_segment Palisade Wall x1 |
| 10:55 | Edelreiss · age_up feudal |
| 11:20 | Edelreiss · wall_segment Stone Wall x1 |
| 13:37 | Kejserguldbajer 2. · first_building Barracks |
| 13:44 | Kejserguldbajer 2. · wall_segment Palisade Wall x1 |
| 13:46 | Kejserguldbajer 2. · wall_segment Palisade Wall x1 |
| 13:50 | Kejserguldbajer 2. · wall_segment Palisade Wall x1 |
| 14:25 | Edelreiss · age_up castle |
| 14:27 | Edelreiss · first_building Siege Workshop |
| 14:28 | Kejserguldbajer 2. · first_building Stable |
| 15:00 | Edelreiss · first_building Monastery |
| 15:07 | Edelreiss · first_market_buy 100 wood |
| 21:21 | Edelreiss · first_market_sell 100 food |
| 25:48 | Kejserguldbajer 2. · age_up castle |
| 26:13 | Kejserguldbajer 2. · first_building Monastery |
| 28:49 | Kejserguldbajer 2. · first_building Castle |
| 29:05 | Edelreiss · first_building Barracks |
| 29:58 | Edelreiss · first_building Stable |
| 32:19 | Edelreiss · first_building Castle |
| 33:14 | Kejserguldbajer 2. · age_up imperial |
| 33:22 | Edelreiss · age_up imperial |
| 34:03 | Kejserguldbajer 2. · first_market_buy 100 wood |
| 36:49 | Kejserguldbajer 2. · resign |
[ AI ANALYSIS · 1 CREDIT ]
What really happened in this match?
Wolo.gg analyzes every decision: build order, eco, micro, common mistakes by bracket. Personalized analysis on WhatsApp or Discord in 30 seconds.
Civ guide
Romans
Perfil
Jugador #10336951